 Dungeon Crawl Stone Soup version 0.26.1-11-gd32895ea62 (webtiles) character file.

Game seed: 2943875453664462864

1668 tizbic2 the Carver (level 9, -2/48 HPs)
             Began as a Tengu Hunter on June 26, 2021.
             Killed from afar by an electric eel (10 damage)
             ... with a bolt of electricity
             ... on level 6 of the Dungeon.
             The game lasted 00:35:58 (6685 turns).

tizbic2 the Carver (Tengu Hunter)                   Turns: 6685, Time: 00:35:58

Health: -2/48      AC:  5    Str: 19    XL:     9   Next: 1%
Magic:  10/10      EV: 32    Int: 12    God:
Gold:   153        SH:  0    Dex: 17    Spells: 8/8 levels left

rFire    . . .     SeeInvis .   a - +1 hand crossbow
rCold    + . .     Faith    .   (no shield)
rNeg     . . .     Spirit   .   j - +2 leather armour {rC+}
rPois    .         Reflect  .   (helmet restricted)
rElec    .         Harm     .   (no cloak)
rCorr    +         Rampage  .   (no gloves)
Will     .....                  (boots unavailable)
Stlth    ++........             k - amulet of the acrobat
HPRegen  0.16/turn              B - ring of resist corrosion
MPRegen  0.12/turn              i - +6 ring of strength

@: acrobat, flying quickly and evasively, quick
A: beak, talons 3, able to fly
a: Stop Flying


You were on level 6 of the Dungeon.
You visited 1 branch of the dungeon, and saw 6 of its levels.

You collected 218 gold pieces.
You spent 65 gold pieces at shops.

Inventory:

Hand Weapons
 a - a +1 hand crossbow (weapon)
 e - a +0 short sword
 x - the +2 long sword "Hydrabane" {pain, SInv}
   (You found it on level 6 of the Dungeon)

   In the hands of one skilled in necromantic magic, it inflicts extra damage on
   living creatures.
   It lets you see invisible.
Missiles
 t - 26 poisoned darts
 v - 41 bolts (quivered ammo)
 z - 2 curare-tipped darts
Armour
 j - a +2 leather armour of cold resistance (worn)
Jewellery
 g - an uncursed ring of stealth
 i - a +6 ring of strength (right hand)
 k - an amulet of the acrobat (around neck)
 p - a +6 ring of intelligence
 B - a ring of resist corrosion (left hand)
Wands
 s - a wand of digging (5)
 A - a wand of iceblast (10)
Scrolls
 h - 3 scrolls of remove curse
 q - a scroll of amnesia
 u - 2 scrolls of immolation
 w - 2 scrolls of fear
 y - a scroll of enchant armour {unknown}
Potions
 b - a potion of cancellation {unknown}
 c - 4 potions of heal wounds
 f - 2 potions of degeneration
 l - 2 potions of lignification
 m - 2 potions of invisibility {unknown}
 n - a potion of curing {unknown}
 o - 2 potions of mutation {unknown}
 r - a potion of resistance {unknown}


   Skills:
 - Level 2.1 Fighting
 - Level 2.9(7.4) Short Blades
 * Level 10.5(10.7) Long Blades
 - Level 5.0 Crossbows
 - Level 4.3 Dodging
 - Level 1.2 Stealth


You had 8 spell levels left.
You didn't know any spells.
Your spell library was empty.

Dungeon Overview and Level Annotations

Branches:
Dungeon (6/15)
 Temple: D:4-7

Altars:
Ru
Zin
The Shining One

Shops:
D:4 !

Annotations:
D:3 2 runed translucent doors, PedroKMD's ghost, amateur OpTm


Innate Abilities, Weirdness & Mutations

You have a beak for a mouth.
You have claws for feet.
You can fly continuously.


Message History

The bolt of electricity hits you!
You hear a shout!
You hear a shout!
An orc priest comes into view. It is wielding a +0 club.
Fire: 41 bolts
Press: ? - help, Q - select action, (/) - cycle Shift-Dir - straight line, f/p - electric eel
Aim: an electric eel (water, 52% to hit)
Your line of fire to the electric eel is blocked by a plant.
Continue anyway?
Okay, then.
The electric eel shoots out a bolt of lightning at you!
The bolt of electricity hits the plant.
The bolt of electricity hits you! The bolt of electricity misses you.
A nearby plant withers and dies.
The electric eel shoots out a bolt of lightning at you!
The bolt of electricity hits you!
* * * LOW HITPOINT WARNING * * *
The orc priest drinks a potion.
The orc priest seems to speed up.
The electric eel shoots out a bolt of lightning at you!
The bolt of electricity hits you!
You die...

♣≈≈P≈≈≈≈.. ....
≈≈≈≈≈o≈♣.# #l.
≈≈≈≈≈;≈o.# #.#
≈≈≈≈≈≈♣..# #.#
.........###.#
≈P≈P≈≈≈.....##
PP≈P≈≈≈...†#.##
≈PP≈≈♣###..##.#####
≈≈≈♣ ##@###.#..##
≈♣ #..###.##.#
#..##..#..#
#.........#
..####....# ###
##.#### ##..# .....
#..####...# .....
#......#.#


You could see an electric eel, an orc priest (fast) and an orc wizard.

Vanquished Creatures
  Edmund (D:5)
  A sky beast (D:6)
  A phantom (D:4)
  A black bear (D:6)
  3 ogres
  2 centaurs
  2 bullfrogs (D:6)
  A water moccasin skeleton (D:6)
  A howler monkey (D:6)
  A hound (D:4)
  Natasha (thrice) (D:1)
  A gnoll shaman (D:4)
  2 iguanas
  3 orc wizards (D:5)
  4 worker ants
  A hound skeleton (D:5)
  7 adders
  8 gnolls
  2 white imps (D:5)
  An ufetubus (D:6)
  An ooze (D:3)
  2 worms
  5 dart slugs
  4 leopard geckos
  17 orcs
  A ball python (D:2)
  3 giant cockroaches
  4 goblins
  10 hobgoblins
  11 jackals
  4 kobolds
  A quokka (D:3)
  A ball python skeleton (D:4)
  6 bats
  3 frilled lizards
  3 rats
122 creatures vanquished.

Vanquished Creatures (others)
  17 plants
17 creatures vanquished.

Grand Total: 139 creatures vanquished

Notes
Turn   | Place    | Note
-------+----------+-------------------------------------------
     0 | D:1      | tizbic2 the Tengu Hunter began the quest for the Orb.
     0 | D:1      | Reached XP level 1. HP: 12/12 MP: 2/2
    75 | D:1      | Reached XP level 2. HP: 14/17 MP: 3/3
   529 | D:1      | Reached skill level 5 in Crossbows
   531 | D:1      | Reached XP level 3. HP: 21/21 MP: 4/4
  1276 | D:2      | Found a sacrificial altar of Ru.
  1570 | D:2      | Noticed Natasha
  1591 | D:1      | Killed Natasha
  1592 | D:1      | Reached skill level 1 in Short Blades
  1592 | D:1      | Reached XP level 4. HP: 6/26 MP: 5/5
  1832 | D:1      | Noticed Natasha
  1840 | D:1      | Killed Natasha
  1981 | D:1      | Noticed Natasha
  1983 | D:1      | Killed Natasha
  1984 | D:1      | Gained mutation: You can fly continuously. [Tengu growth]
  1984 | D:1      | Reached XP level 5. HP: 25/30 MP: 6/6
  2665 | D:3      | Found a glowing golden altar of the Shining One.
  3150 | D:3      | Reached skill level 1 in Long Blades
  3332 | D:3      | Found a large runed translucent door.
  3332 | D:3      | Found a large runed translucent door.
  3334 | D:3      | Noticed PedroKMD's ghost (amateur OpTm)
  3547 | D:4      | Found a glowing silver altar of Zin.
  3659 | D:4      | Reached skill level 2 in Long Blades
  4135 | D:4      | Reached XP level 6. HP: 35/35 MP: 7/7
  4198 | D:4      | Reached skill level 3 in Long Blades
  4659 | D:4      | Reached skill level 4 in Long Blades
  4687 | D:4      | Noticed a phantom
  4945 | D:4      | Reached XP level 7. HP: 33/40 MP: 8/8
  4965 | D:4      | Reached skill level 5 in Long Blades
  5166 | D:4      | Reached skill level 6 in Long Blades
  5242 | D:4      | Found Muloifit's Distillery.
  5248 | D:4      | Bought a potion of heal wounds for 65 gold pieces
  5354 | D:5      | Entered Level 5 of the Dungeon
  5572 | D:5      | Noticed Edmund
  5590 | D:5      | Killed Edmund
  5591 | D:5      | Reached skill level 7 in Long Blades
  5709 | D:5      | Reached XP level 8. HP: 42/44 MP: 9/9
  5808 | D:5      | Reached skill level 8 in Long Blades
  6270 | D:6      | Reached skill level 9 in Long Blades
  6362 | D:6      | Reached skill level 10 in Long Blades
  6369 | D:6      | Got a crystal long sword
  6370 | D:6      | Identified the +2 long sword "Hydrabane" {pain, SInv} (You
                  | found it on level 6 of the Dungeon)
  6672 | D:6      | Reached XP level 9. HP: 38/48 MP: 10/10
  6685 | D:6      | Killed from afar by an electric eel

Illustrated notes

Levels and vault maps discovered:
D:1:      lordsloth_arrival_two_stooges, layout_loops_ring,
          minmay_split_cup_large
D:2:      cheibrodos_old_hovel, layout_basic,
          nicolae_ru_great_annihilating_truth, uniq_natasha
D:3:      layout_rooms, tso_oasis_becter, ebering_ghost_disaster_area,
          hex_medium
D:4:      layout_loops_cross, kennysheep_mini, serial_shops, shop,
          minmay_ruptured
D:5:      layout_basic, uniq_edmund
D:6:      layout_layer_cave, minmay_temple_entry_antechambers,
          serial_bayou_lagoon_b

Skill      XL: |  1  2  3  4  5  6  7  8 |
---------------+-------------------------+-----
Crossbows      | 5 |  5.0
Dodging        | 3 4 |  4.3
Short Blades   | 1 2 |  2.9
Long Blades    | 2 4 7 10 | 10.5
Fighting       | |  2.1
Stealth        | |  1.2

Action                   |  1- 3 |  4- 6 |  7- 9 || total
-------------------------+-------+-------+-------++-------
Melee: Short sword       |    77 |    20 |       ||    97
       Kick              |    13 |    35 |    52 ||   100
       Peck              |     9 |    26 |    29 ||    64
       Falchion          |       |    90 |    92 ||   182
       Long sword        |       |     2 |     9 ||    11
 Fire: Hand crossbow     |     9 |    33 |    12 ||    54
 Abil: Fly               |       |     1 |       ||     1
  Use: Scroll            |     1 |     6 |     2 ||     9
       Potion            |     3 |     3 |     1 ||     7
 Stab: Sleeping          |     4 |     3 |     1 ||     8
       Paralysed         |     1 |       |       ||     1
Armor: Leather armour    |    25 |     2 |    11 ||    38
       Skin              |    11 |       |       ||    11
       Ring mail         |       |    26 |     1 ||    27
Dodge: Dodged            |    60 |   153 |   120 ||   333
       Rpst.: Falchion   |       |    28 |    32 ||    60
       Long sword        |       |       |     7 ||     7
